 Dungeon Crawl Stone Soup version 0.29-a0-542-g075992c915 (webtiles) character file.

Game seed: 3327739311368900280

154 DocClef the Covert (level 5, -1/47 HPs)
             Began as a Gnoll Delver on June 4, 2022.
             Succumbed to a scorpion's poison
             ... on level 5 of the Dungeon.
             The game lasted 00:00:22 (247 turns).

DocClef the Covert (Gnoll Delver)                    Turns: 247, Time: 00:00:22

Health: -1/47      AC:  3    Str: 13    XL:     5   Next: 35%
Magic:  7/7        EV: 13    Int:  9    God:
Gold:   0          SH:  0    Dex: 14    Spells: 6/6 levels left

rFire   . . .      SeeInvis .   a - +0 short sword
rCold   . . .      Faith    .   (no shield)
rNeg    . . .      Spirit   .   b - +0 leather armour
rPois   .          Reflect  .   (no helmet)
rElec   .          Harm     .   (no cloak)
rCorr   .          Rampage  .   (no gloves)
Will    .....                   (no boots)
Stlth   ++++......              (no amulet)
HPRegen 0.15/turn               (no ring)
MPRegen 0.10/turn               (no ring)

@: lethally poisoned (-1 -> -14)
A: fangs 1, strong nose, distributed training
a: no special abilities


You were on level 5 of the Dungeon.
You visited 1 branch of the dungeon, and saw 1 of its levels.

Inventory:

Hand Weapons
 a - a +0 short sword (weapon)
Armour
 b - a +0 leather armour (worn)
Wands
 g - a wand of digging (3)
Scrolls
 c - a scroll of fog
 d - a scroll of magic mapping
 e - a scroll of fear
Potions
 f - a potion of haste
 h - a potion of attraction {unknown}


   Skills:
 + Level 6.7 Fighting
 + Level 4.8 Short Blades
 + Level 1.4 Long Blades
 + Level 1.4 Axes
 + Level 1.4 Maces & Flails
 + Level 1.4 Polearms
 + Level 1.4 Staves
 + Level 1.4 Slings
 + Level 1.4 Bows
 + Level 1.4 Crossbows
 + Level 1.4 Throwing
 + Level 1.4 Armour
 + Level 4.8 Dodging
 + Level 9.7 Stealth
 + Level 1.4 Shields
 + Level 1.4 Unarmed Combat
 + Level 1.4 Spellcasting
 + Level 1.1 Conjurations
 + Level 1.1 Hexes
 + Level 1.1 Summonings
 + Level 1.1 Necromancy
 + Level 1.1 Translocations
 + Level 1.1 Transmutations
 + Level 1.1 Fire Magic
 + Level 1.1 Ice Magic
 + Level 1.1 Air Magic
 + Level 1.1 Earth Magic
 + Level 1.1 Poison Magic
 + Level 1.6 Invocations
 + Level 1.4 Evocations


You had 6 spell levels left.
You didn't know any spells.
Your spell library was empty.

Dungeon Overview and Level Annotations

Branches:
Dungeon (5/15)
 Temple: D:4-7

Altars:


Innate Abilities, Weirdness & Mutations

You have very sharp teeth.
Your uncanny sense of smell can sniff out nearby items.
Your experience applies equally to all skills.


Message History

You are poisoned.
The scorpion poisons you!
You hit the scorpion but do no damage. Your bite misses the scorpion.
The scorpion is moderately wounded.
You feel very sick. The scorpion stings you.
You are more poisoned.
The scorpion poisons you!
You closely miss the scorpion.
The scorpion is moderately wounded.
You feel very sick. The scorpion stings you.
You are lethally poisoned!
The scorpion poisons you!
You hit the scorpion but do no damage.
The scorpion is moderately wounded.
You feel very sick. The scorpion misses you.
You hit the scorpion but do no damage.
The scorpion is moderately wounded.
* * * LOW HITPOINT WARNING * * *
You feel very sick. The scorpion misses you.
You closely miss the scorpion. You bite the scorpion.
The scorpion is moderately wounded.
* * * LOW HITPOINT WARNING * * *
You feel very sick.
The scorpion stings you but does no damage.
You barely miss the scorpion.
The scorpion is moderately wounded.
* * * LOW HITPOINT WARNING * * *
You feel very sick. The scorpion completely misses you.
You completely miss the scorpion. You bite the scorpion.
The scorpion is moderately wounded.
* * * LOW HITPOINT WARNING * * *
You feel sick. The scorpion misses you.
You hit the scorpion but do no damage.
The scorpion is moderately wounded.
You die...

#..........#..####s# ....#
#..........+.......+.....#
##..........##.####.#.....#
......########.####.......#
......# #..#........#
......#### ##.#........#
....†....# #......#####
)........#######s##+##
####.....##.....@.#.#
#.....##.......#.#
#.....##.........#
##'#####.........# #.#
#.[......># #.#
#....)..######### #.#
########........+ #.#
#.######## #.# #.#


You could see a scorpion.

Vanquished Creatures
  A water moccasin (D:5)
  2 iguanas (D:5)
3 creatures vanquished.

Notes
Turn   | Place    | Note
-------+----------+-------------------------------------------
     0 | D:5      | Reached skill level 9 in Stealth
     0 | D:5      | DocClef the Gnoll Delver began the quest for the Orb.
     0 | D:5      | Reached XP level 1. HP: 23/23 MP: 1/1
    54 | D:5      | Noticed a water moccasin
    60 | D:5      | Killed a water moccasin
    61 | D:5      | Reached skill level 1 in Long Blades
    61 | D:5      | Reached skill level 1 in Axes
    61 | D:5      | Reached skill level 1 in Maces & Flails
    61 | D:5      | Reached skill level 1 in Polearms
    61 | D:5      | Reached skill level 1 in Staves
    61 | D:5      | Reached skill level 1 in Slings
    61 | D:5      | Reached skill level 1 in Bows
    61 | D:5      | Reached skill level 1 in Crossbows
    61 | D:5      | Reached skill level 1 in Throwing
    61 | D:5      | Reached skill level 1 in Armour
    61 | D:5      | Reached skill level 1 in Shields
    61 | D:5      | Reached skill level 1 in Unarmed Combat
    61 | D:5      | Reached skill level 1 in Spellcasting
    61 | D:5      | Reached skill level 1 in Conjurations
    61 | D:5      | Reached skill level 1 in Hexes
    61 | D:5      | Reached skill level 1 in Summonings
    61 | D:5      | Reached skill level 1 in Necromancy
    61 | D:5      | Reached skill level 1 in Translocations
    61 | D:5      | Reached skill level 1 in Transmutations
    61 | D:5      | Reached skill level 1 in Fire Magic
    61 | D:5      | Reached skill level 1 in Ice Magic
    61 | D:5      | Reached skill level 1 in Air Magic
    61 | D:5      | Reached skill level 1 in Earth Magic
    61 | D:5      | Reached skill level 1 in Poison Magic
    61 | D:5      | Reached skill level 1 in Invocations
    61 | D:5      | Reached skill level 1 in Evocations
    61 | D:5      | Reached XP level 2. HP: 29/29 MP: 1/3
    61 | D:5      | Reached XP level 3. HP: 35/35 MP: 1/4
    61 | D:5      | Reached XP level 4. HP: 41/41 MP: 1/5
   126 | D:5      | Noticed a necrophage
   140 | D:5      | Reached XP level 5. HP: 36/47 MP: 5/7
   246 | D:5      | HP: 1/47 [poisoned by a scorpion]
   247 | D:5      | Succumbed to a scorpion's poison

Illustrated notes

Levels and vault maps discovered:
D:5:      layout_basic, marbit_many_paths, uniq_crazy_yiuf_cottage

Skill      XL: |  1 |
---------------+----+-----
Stealth        | |  9.7
Long Blades    | 1 |  1.4
Axes           | 1 |  1.4
Maces & Flails | 1 |  1.4
Polearms       | 1 |  1.4
Staves         | 1 |  1.4
Slings         | 1 |  1.4
Bows           | 1 |  1.4
Crossbows      | 1 |  1.4
Throwing       | 1 |  1.4
Armour         | 1 |  1.4
Shields        | 1 |  1.4
Unarmed Combat | 1 |  1.4
Spellcasting   | 1 |  1.4
Conjurations   | 1 |  1.1
Hexes          | 1 |  1.1
Summonings     | 1 |  1.1
Necromancy     | 1 |  1.1
Translocations | 1 |  1.1
Transmutations | 1 |  1.1
Fire Magic     | 1 |  1.1
Ice Magic      | 1 |  1.1
Air Magic      | 1 |  1.1
Earth Magic    | 1 |  1.1
Poison Magic   | 1 |  1.1
Invocations    | 1 |  1.6
Evocations     | 1 |  1.4
Fighting       | |  6.7
Short Blades   | |  4.8
Dodging        | |  4.8

Action                   |  1- 3 |  4- 6 || total
-------------------------+-------+-------++-------
Melee: Short sword       |     1 |    23 ||    24
       Punch             |       |     1 ||     1
       Bite              |       |     4 ||     4
 Stab: Sleeping          |     1 |     1 ||     2
Armor: Leather armour    |       |     1 ||     1
Dodge: Dodged            |       |    12 ||    12

Table legend: (Time is in decaauts)
 A = Elapsed time spent in this place.
 B = Non-inter-level travel time spent in this place.
 C = Inter-level travel time spent in this place.
 D = Time resting spent in this place.
 E = Time spent auto-exploring this place.
 F = Levels seen in this place.
 G = Mean time per level.
                   A        B        C        D        E       F      G
               +--------+--------+--------+--------+--------+-----+--------+
         Total |    243 |    243 |      0 |      0 |    200 |   1 |  243.0 |
       Dungeon |    243 |    243 |      0 |      0 |    200 |   1 |  243.0 |
               +--------+--------+--------+--------+--------+-----+--------+

Top non-repeatable levels by time:
     D:5: 243 daAuts
